 Dungeon Crawl Stone Soup version 0.20.0-9-g8272e65 (webtiles) character file.

65 PlagueDoc the Skirmisher (level 3, -2/29 HPs)
             Began as a Demonspawn Fighter on June 3, 2017.
             Slain by a goblin (3 damage)
             ... led by Robin
             ... on level 2 of the Dungeon.
             The game lasted 00:10:14 (1213 turns).

PlagueDoc the Skirmisher (Demonspawn Fighter)       Turns: 1213, Time: 00:10:16

Health: -2/29      AC:  6    Str: 20    XL:     3   Next: 94%
Magic:  0/3        EV:  7    Int:  9    God:
Gold:   26         SH:  9    Dex: 12    Spells: 2/2 levels left

rFire    . . .     SeeInvis .   a - +0 war axe
rCold    . . .     Gourm    .   c - +0 shield
rNeg     . . .     Faith    .   b - +0 scale mail
rPois    .         Spirit   +   (no helmet)
rElec    .         Reflect  .   (no cloak)
rCorr    .         Harm     .   (no gloves)
MR       .....                  (no boots)
Stlth    ..........             (no amulet)
Regen    0.1/turn               k - +3 ring of strength
MPRegen  0.1/turn               (no ring)

@: no status effects
A: claws 1, magic shield
a: no special abilities


You were on level 2 of the Dungeon.
You were not hungry.

You visited 1 branch of the dungeon, and saw 2 of its levels.

You collected 26 gold pieces.

Inventory:

Hand Weapons
 a - a +0 war axe (weapon)
Armour
 b - a +0 scale mail (worn)
 c - a +0 shield (worn)
Jewellery
 k - a +3 ring of strength (left claw)
Scrolls
 h - 2 scrolls of teleportation {unknown}
 i - a scroll of identify {unknown}
 j - a scroll of fog {unknown}
 l - a scroll of noise {unknown}
Potions
 d - a potion of might
 e - a potion of magic {unknown}
 g - a potion of heal wounds {unknown}
Comestibles
 f - a bread ration


   Skills:
 + Level 3.3 Fighting
 + Level 2.7 Axes
 + Level 3.2 Armour
 - Level 0.3 Dodging
 - Level 3.0 Shields


You had 2 spell levels left.
You didn't know any spells.

Dungeon Overview and Level Annotations

Branches:
Dungeon (2/15)

Altars:

Annotations:
D:2 Robin


Innate Abilities, Weirdness & Mutations

You have sharp fingernails.
When hurt, damage is shared between your health and your magic reserves.


Message History

Your shield prevents you from hitting the goblin.
You hit the goblin but do no damage. You slash the goblin!
You kill the goblin!
You hit Robin. You hit the goblin. The goblin hits you but does no damage.
The goblin hits you with a club.
* * * LOW HITPOINT WARNING * * *
Robin barely misses you.
The goblin unwields an uncursed hunting sling.
The goblin hits you but does no damage. x2; The goblin hits you with a club.
* * * LOW HITPOINT WARNING * * *
The goblin hits you with a club.
* * * LOW HITPOINT WARNING * * *
You closely miss the goblin.
Your scale mail prevents you from hitting the goblin.
You hit Robin. You barely miss the goblin. You slash the goblin!
You kill the goblin!
You hit the goblin.
The hobgoblin no longer looks unusually strong.
The goblin hits you but does no damage. The goblin hits you.
You die...

.....# .....##'#####
.....# ................
#...... .#...#
.............### #.####.
.+.>.... .............#
### #. .#######
#............##########'
..
#............#..........
...
......w......#.(........
....
......ggg....#........).
......g@)#####..........
.....##gg...............
##. #..................
# #+..+###........... .
#.... #........... .
♣....♣ #...........
♣♣♣..♣ #........... ♣.♣♣
#.#.......## ♣♣.
#.#.#####.#


You could see a worm, Robin, a hobgoblin and 4 goblins.

Vanquished Creatures
  A gnoll (D:1)
  2 worms (D:2)
  A dart slug (D:2)
  3 leopard geckos (D:2)
  A ball python (D:2)
  3 giant cockroaches (D:1)
  7 goblins
  4 hobgoblins
  2 jackals (D:2)
  6 kobolds
  2 quokkas (D:2)
  6 bats (D:1)
  A frilled lizard (D:1)
  3 rats (D:1)
42 creatures vanquished.

Notes
Turn   | Place    | Note
-------+----------+-------------------------------------------
     0 | D:1      | PlagueDoc the Demonspawn Fighter began the quest for the Orb.
     0 | D:1      | Reached XP level 1. HP: 18/18 MP: 1/1
   149 | D:1      | Gained mutation: You have sharp fingernails. [demonic ancestry]
   149 | D:1      | Reached XP level 2. HP: 17/24 MP: 2/2
   748 | D:1      | Gained mutation: When hurt, damage is shared between your health and your magic reserves. [demonic ancestry]
   748 | D:1      | Reached XP level 3. HP: 29/29 MP: 3/3
  1204 | D:2      | Noticed Robin
  1212 | D:2      | HP: 1/29 [goblin/club[Robin] (1)]
  1213 | D:2      | Slain by a goblin

Skill      XL: |  1  2 |
---------------+-------+-----
Axes           | 2 |  2.7
Armour         | 3 |  3.2
Shields        | 3 |  3.0
Fighting       | |  3.3
Dodging        | |  0.3

Action                   || total
-------------------------++-------
Melee: War axe           ||   120
  Eat: Bread ration      ||     1
Armor: Scale mail        ||   104
Dodge: Dodged            ||    65
Block: Shield            ||   101
